 Dungeon Crawl Stone Soup version 0.29-a0-648-g6b26cc9f40 (webtiles) character file.

Game seed: 14086467962357588268

18 skullybones the Skirmisher (level 2, -1/24 HPs)
             Began as a Demonspawn Abyssal Knight on June 21, 2022.
             Was a Believer of Lugonu.
             Slain by a hound (3 damage)
             ... on level 2 of the Dungeon.
             The game lasted 00:02:01 (1325 turns).

skullybones the Skirmisher (DsAK)                   Turns: 1325, Time: 00:02:01

Health: -1/24      AC:  5    Str: 13    XL:     2   Next: 51%
Magic:  4/4        EV: 11    Int: 17    God:    Lugonu [**....]
Gold:   81         SH:  0    Dex: 13    Spells: 1/1 levels left

rFire   . . .      SeeInvis .   a - +2 spear
rCold   . . .      Faith    .   (no shield)
rNeg    + . .      Spirit   .   b - +0 leather armour
rPois   .          Reflect  .   (no helmet)
rElec   .          Harm     .   (no cloak)
rCorr   .          Rampage  .   (no gloves)
Will    .....                   (no boots)
Stlth   +.........              (no amulet)
HPRegen 0.08/turn               I - +6 ring of intelligence
MPRegen 0.09/turn               N - ring of positive energy

@: no status effects
A: yellow scales 1
a: Renounce Religion, Depart the Abyss, Bend Space


You were on level 2 of the Dungeon.
You worshipped Lugonu.
Lugonu was pleased with you.
You visited 1 branch of the dungeon, and saw 2 of its levels.
You visited the Abyss 1 time.

You collected 81 gold pieces.


Innate Abilities, Weirdness & Mutations

You are partially covered in yellow scales. (AC +2)


   Skills:
 + Level 3.2 Fighting
 + Level 2.1 Polearms
 + Level 2.1 Armour
 - Level 0.8 Dodging
 + Level 2.9 Invocations


You had one spell level left.
You didn't know any spells.
Your spell library contained the following spells:

 Spells                   Type           Power      Damage    Failure   Level
 Scorch                   Fire           0%         2d5       41%         2
 Flame Wave               Conj/Fire      0%         2d4       96%         4
 Summon Cactus Giant      Summ           0%         N/A       100%        6

Inventory:

Hand Weapons
 a - a +2 spear (weapon)
Missiles
 c - 59 stones
Armour
 b - a +0 leather armour (worn)
 g - a +0 scale mail
   (You found it on level 1 of the Dungeon)
Jewellery
 I - a +6 ring of intelligence (left hand)
   (You found it on level 1 of the Dungeon)
 N - a ring of positive energy (right hand)
   (You found it on level 1 of the Dungeon)
Scrolls
 e - a scroll of noise {!r}

Dungeon Overview and Level Annotations

Branches:
Dungeon (2/15) Zot: 10776

Altars:

### §§§ #§###
#§§§ §§§# #§§# #
#h§#
#.#.####@§###.#
#§§§§§§§§§§§§§§§
#§#§§§§§§§######
#####§§§§.....
.#####§§§#####
.....§§§§#
######§§##
#######§§#######
...............#


You could see a hound.


Message History

Key pressed, stopping explore.
There is an open door here.
There is an open door here.
You open the door.
Found a faded altar of an unknown god.
Done exploring.
There is an open door here.
There is a stone staircase leading down here.
You climb downwards.
There is a stone staircase leading up here.
You pick up a book of Scorching and begin reading...
You add the spells Scorch, Flame Wave and Summon Cactus Giant to your library.
A rat comes into view.
You reach to attack!
You barely miss the rat.
You reach to attack!
You hit the rat but do no damage. You closely miss the rat.
The rat closely misses you.
You closely miss the rat. The rat bites you but does no damage.
A rat is nearby!
A rat is nearby!
You hit the rat.
You kill the rat!
Lugonu accepts your kill.
No target in view!
No target in view!
Found a stone staircase leading up.
A hound comes into view.
The hound barks!
You hear a shout!
A hound is nearby!
You hit the hound but do no damage.
The hound bites you but does no damage. x2
You hit the hound. The hound misses you.
You hit the hound. The hound closely misses you. The hound barely misses you.
You hit the hound. The hound bites you but does no damage.
You hit the hound. The hound barely misses you.
The hound stops to sniff the ground.
The hound bites you. 😕 HP[-3]
You take 3 damage, and now have 21/24 hp.
You barely miss the hound. The hound misses you.
You miss the hound. The hound bites you. The hound barely misses you. 😕 HP[-2]
You take 2 damage, and now have 19/24 hp.
You hit the hound.
A bat comes into view.
The hound bites you but does no damage.
The bat moves out of view.
You barely miss the hound. The hound bites you but does no damage.
The hound closely misses you.
You closely miss the hound.
The hound pauses to sniff the ground.
The hound bites you. 😮 HP[-4]
You take 4 damage, and now have 15/24 hp.
You are too injured to fight recklessly!
You are too injured to fight recklessly!
You are too injured to fight recklessly!
You closely miss the hound. The hound closely misses you.
The hound bites you but does no damage.
You closely miss the hound. The hound bites you. 😮 HP[-2]
You take 2 damage, and now have 13/24 hp.
You closely miss the hound. The hound barely misses you.
The hound bites you but does no damage.
You closely miss the hound. The hound bites you.
* * * LOW HITPOINT WARNING * * *
😨 HP[-2]
You take 2 damage, and now have 11/24 hp.
You miss the hound. The hound bites you.
* * * LOW HITPOINT WARNING * * *
The hound closely misses you. 😨 HP[-3]
You take 3 damage, and now have 8/24 hp.
Unknown command.
You barely miss the hound. The hound closely misses you. 😨 HP[+1]
You aren't carrying any items that you can evoke.
Unknown command.
As you read the scroll labelled AGIJEKL AVEN, it crumbles to dust.
It is a scroll of enchant weapon.
Your +1 spear glows red for a moment.
The hound closely misses you. The hound bites you.
* * * LOW HITPOINT WARNING * * *
😱 HP[-3]
You take 3 damage, and now have 6/24 hp.
The air fills with toxic fumes!
As you read the scroll labelled ULAIMEJ GUNNYOMA, it crumbles to dust.
It was a scroll of poison.
The hound bites you but does no damage.
As you read the scroll labelled ZOIMEES ROEDE, it crumbles to dust.
You hear a loud clanging noise!
It was a scroll of noise.
You hear an angry hiss.
You hear a shout! x2; You hear an angry hiss. x2
You hear a shout!
The hound misses you. The hound bites you but does no damage.
It was a potion of cancellation.
You feel magically purged. The hound bites you.
* * * LOW HITPOINT WARNING * * *
😱 HP[-1]
You take 1 damage, and now have 5/24 hp.
You hit the hound but do no damage. The hound bites you.
* * * LOW HITPOINT WARNING * * *
The hound bites you.
You die...

Skill      XL: |  1 |
---------------+----+-----
Armour         | 2 |  2.1
Polearms       | 2 |  2.1
Fighting       | |  3.2
Dodging        | |  0.8
Invocations    | |  2.9

Action                   || total
-------------------------++-------
Melee: Spear             ||    62
  Use: Scroll            ||     3
       Potion            ||     1
 Stab: Sleeping          ||     2
Armor: Leather armour    ||    20
Dodge: Dodged            ||    43

Levels and vault maps discovered:
D:1:      minmay_arrival_shattered_statue, layout_basic,
          hellmonk_ecumenical_altar_inner_sanctum, serial_rivers,
          chequers_serial_rivers_room_a, chequers_serial_rivers_marsh,
          chequers_serial_rivers_micro_a, chequers_serial_rivers_room_b,
          corexii_corridor_pit
D:2:      layout_loops_ring, basic_altar

Notes
Turn   | Place    | Note
-------+----------+-------------------------------------------
     0 | Abyss:1  | skullybones the Demonspawn Abyssal Knight began the quest
                  | for the Orb.
     0 | Abyss:1  | Reached XP level 1. HP: 18/18 MP: 2/2
     0 | Abyss:1  | magus.rc [v1.11.3]
    96 | Abyss:1  | Found a corrupted altar of Lugonu.
   107 | D:1      | You pass through the gate.
   107 | D:1      | Escaped the Abyss
   483 | D:1      | Reached skill level 2 in Armour
   486 | D:1      | Reached skill level 2 in Polearms
   486 | D:1      | Gained mutation: You are partially covered in yellow
                  | scales. (AC +2) [demonic ancestry]
   486 | D:1      | Reached XP level 2. HP: 11/24 MP: 4/4
  1221 | D:1      | Found a faded altar of an unknown god.
  1250 | D:2      | You pick up a book of Scorching and begin reading...
  1250 | D:2      | You add the spells Scorch, Flame Wave and Summon Cactus
                  | Giant to your library.
  1321 | D:2      | HP: 6/24 [hound (3)]
  1325 | D:2      | HP: 2/24 [hound (3)]
  1325 | D:2      | Slain by a hound

Vanquished Creatures
  An endoplasm (D:1)
  3 giant cockroaches (D:1)
  A hobgoblin (D:1)
  3 jackals (D:1)
  A quokka (D:1)
  2 ball pythons (D:1)
  A frilled lizard (D:1)
  2 kobolds (D:1)
  3 rats
17 creatures vanquished.

Table legend:
 A = Non-vault XP
 B = Vault XP
 C = Vault XP percentage of total XP
 D = Non-vault monster count
 E = Vault monster count
 F = Vault count percentage of total count
                 A         B        C        D         E       F
            +---------+---------+-------+---------+---------+-------
      Total |      27 |       0 |   0.0 |      17 |       0 |   0.0
            +---------+---------+-------+---------+---------+-------
        D:1 |      26 |       0 |   0.0 |      16 |       0 |   0.0
        D:2 |       1 |       0 |   0.0 |       1 |       0 |   0.0
            +---------+---------+-------+---------+---------+-------

Illustrated notes

Table legend:
 A = Kills in this place as a percentage of kills in entire the game.
 B = Kills by you in this place as a percentage of kills by you in the entire game.
 C = Kills by friends in this place as a percentage of kills by friends in the entire game.
 D = Other kills in this place as a percentage of other kills in the entire game.
 E = Experience gained in this place as a percentage of experience gained in the entire game.
 F = Experience gained in this place divided by the number of levels of this place that you have seen.
                   A       B       C       D       E      F
               +-------+-------+-------+-------+-------+----------------------
         Total | 100.0 | 100.0 |   N/A |   N/A | 100.0 |   9.0
       Dungeon | 100.0 | 100.0 |   N/A |   N/A | 100.0 |  13.5
               +-------+-------+-------+-------+-------+----------------------

Table legend: (Time is in decaauts)
 A = Elapsed time spent in this place.
 B = Non-inter-level travel time spent in this place.
 C = Inter-level travel time spent in this place.
 D = Time resting spent in this place.
 E = Time spent auto-exploring this place.
 F = Levels seen in this place.
 G = Mean time per level.
                   A        B        C        D        E       F      G
               +--------+--------+--------+--------+--------+-----+--------+
         Total |   1329 |   1308 |     21 |    100 |    969 |   3 |  443.0 |
       Dungeon |   1222 |   1201 |     21 |    100 |    969 |   2 |  611.0 |
         Abyss |    107 |    107 |      0 |      0 |      0 |   1 |  107.0 |
               +--------+--------+--------+--------+--------+-----+--------+

Top non-repeatable levels by time:
     D:1: 1141 daAuts
 Abyss:1: 107 daAuts
     D:2: 80 daAuts
